 Dungeon Crawl Stone Soup version 0.26-a0-1164-g1a551d6a14 (webtiles) character file.

Game seed: 14629899157582499705

32 vvl the Cudgeller (level 3, -7/29 HPs)
             Began as a Demonspawn Monk on Dec 23, 2020.
             Mangled by a gnoll
             ... wielding a cursed -1 halberd
              (14 damage)
             ... on level 2 of the Dungeon.
             The game lasted 00:03:07 (1519 turns).

vvl the Cudgeller (Demonspawn Monk)                 Turns: 1519, Time: 00:03:07

Health: -7/29      AC:  2    Str: 12    XL:     3   Next: 8%
Magic:  3/3        EV: 13    Int: 11    God:
Gold:   32         SH:  0    Dex: 15    Spells: 2/2 levels left

rFire    + . .     SeeInvis .   a - +0 mace
rCold    . . .     Faith    .   (no shield)
rNeg     . . .     Spirit   .   b - +0 robe
rPois    .         Reflect  .   (no helmet)
rElec    .         Harm     .   (no cloak)
rCorr    .         Rampage  .   (no gloves)
Will     .....                  (no boots)
Stlth    ++........             (no amulet)
HPRegen  0.09/turn              (no ring)
MPRegen  0.08/turn              (no ring)

@: no status effects
A: fire resistance 1
a: no special abilities


You were on level 2 of the Dungeon.
You visited 1 branch of the dungeon, and saw 2 of its levels.

You collected 32 gold pieces.

Inventory:

Hand Weapons
 a - a +0 mace (weapon)
Armour
 b - a +0 robe (worn)
Scrolls
 c - 2 scrolls of magic mapping {unknown}
 d - a scroll of identify {unknown}
 h - a scroll of amnesia {unknown}
 i - a scroll of fear {unknown}
Potions
 e - 2 potions of attraction {unknown}
 f - a potion of ambrosia {unknown}
 g - a potion of curing {unknown}
 j - a potion of cancellation {unknown}


   Skills:
 - Level 3.0 Fighting
 + Level 3.9 Maces & Flails
 - Level 2.6 Dodging
 - Level 1.7 Stealth


You had 2 spell levels left.
You didn't know any spells.
Your spell library was empty.

Dungeon Overview and Level Annotations

Branches:
Dungeon (2/15)

Altars:
Xom


Innate Abilities, Weirdness & Mutations

Your flesh is heat resistant. (rF+)


Message History

A hobgoblin comes into view. It is wielding a -1 club.
You hit the gnoll.
The gnoll is heavily wounded.
The gnoll barely misses you. The gnoll closely misses you.
You hit the gnoll.
The gnoll is heavily wounded.
The gnoll barely misses you. The gnoll hits you with a +0 whip!
You hit the gnoll.
The gnoll is almost dead.
The gnoll closely misses you. The gnoll hits you but does no damage.
You hit the gnoll but do no damage.
The gnoll is almost dead.
The gnoll hits you with a +0 whip!
* * * LOW HITPOINT WARNING * * *
The gnoll misses you.
You closely miss the gnoll.
The gnoll is almost dead.
The gnoll misses you.
The gnoll hits you from afar with a cursed -1 halberd!
You die...

....## #.
#.##.# #.#
#.##..###..
#.##.#.#.#
#.##)#..#
#######.##...#
#.g.g.g....#.#
#g#####)##(#.#
#@# #..##(#..
#.# #.###(#...
#.# #.# #.#..##
..# #.# #.#..#
#.####.###.#..#
#.#....<...#..#
#.#.#####.....#
#.# #..#..#
#..#.....


You could see 2 gnolls.

Vanquished Creatures
  A gnoll (D:2)
  2 leopard geckos (D:1)
  6 goblins
  2 hobgoblins (D:1)
  2 kobolds
  A ball python (D:1)
  A bat (D:1)
  2 frilled lizards (D:1)
  4 rats (D:1)
21 creatures vanquished.

Notes
Turn   | Place    | Note
-------+----------+-------------------------------------------
     0 | D:1      | vvl the Demonspawn Monk began the quest for the Orb.
     0 | D:1      | Reached XP level 1. HP: 18/18 MP: 1/1
   544 | D:1      | Gained mutation: Your flesh is heat resistant. (rF+)
                  | [demonic ancestry]
   544 | D:1      | Reached XP level 2. HP: 24/24 MP: 2/2
   687 | D:1      | Found a shimmering altar of Xom.
  1504 | D:2      | Reached XP level 3. HP: 21/29 MP: 3/3
  1519 | D:2      | Mangled by a gnoll

Illustrated notes

Levels and vault maps discovered:
D:1:      shiori_arrival_maze, layout_basic, xom_teletrap_fun
D:2:      layout_loops_ring, minmay_pentomino_w2

Skill      XL: |  1 |
---------------+----+-----
Maces & Flails | 3 |  3.9
Fighting       | |  3.0
Dodging        | |  2.6
Stealth        | |  1.7

Action                   || total
-------------------------++-------
Melee: Mace              ||    66
 Stab: Sleeping          ||     4
Armor: Robe              ||    13
Dodge: Dodged            ||    41

Table legend: (Time is in decaauts)
 A = Elapsed time spent in this place.
 B = Non-inter-level travel time spent in this place.
 C = Inter-level travel time spent in this place.
 D = Time resting spent in this place.
 E = Time spent auto-exploring this place.
 F = Levels seen in this place.
 G = Mean time per level.
                   A        B        C        D        E       F      G
               +--------+--------+--------+--------+--------+-----+--------+
         Total |   1534 |   1445 |     89 |      0 |   1262 |   2 |  767.0 |
       Dungeon |   1534 |   1445 |     89 |      0 |   1262 |   2 |  767.0 |
               +--------+--------+--------+--------+--------+-----+--------+

Top non-repeatable levels by time:
     D:1: 1478 daAuts
     D:2: 55 daAuts
